 Dungeon Crawl Stone Soup version 0.29.0-7-g18a832c13a (webtiles) character file.

Game seed: 16012497122480950642

75021 sanka the Brawler (level 15, -9/154 HPs)
             Began as a Troll Cinder Acolyte on Aug 31, 2022.
             Was the Champion of Okawaru.
             Mangled by a vampire knight
             ... wielding a +2 long sword
              (22 damage)
             ... while paralysed by a vampire knight
             ... on level 15 of the Dungeon.
             The game lasted 00:46:57 (15637 turns).

sanka the Brawler (Troll Cinder Acolyte)           Turns: 15637, Time: 00:46:58

Health: -9/154     AC: 16    Str: 29    XL:     15   Next: 8%
Magic:  21/21      EV:  1    Int: 10    God:    Okawaru [******]
Gold:   290        SH:  0    Dex: 15    Spells: 16/16 levels left

rFire   . . .      SeeInvis .     - Unarmed
rCold   . . .      Faith    .   L - +5 tower shield of Wueg {Regen+ rCorr Str+3}
rNeg    . . .      Spirit   .   Q - +0 swamp dragon scales
rPois   +          Reflect  .   c - +2 hat
rElec   .          Harm     .   l - +4 cloak of Xuiplaub {Dex+4}
rCorr   +          Rampage  .   (gloves unavailable)
Will    +....                   (boots unavailable)
Stlth   ++........              v - amulet of the acrobat
HPRegen 1.95/turn               T - +4 ring of evasion
MPRegen 0.17/turn               S - +4 ring of evasion

@: paralysed, about to teleport, heroic
A: large, unfitting armour, claws 3, regeneration 1, shaggy fur 1, tough skin 1,
deformed body, no potion heal 1
a: Renounce Religion, Heroism, Finesse, Duel


You were on level 15 of the Dungeon.
You worshipped Okawaru.
Okawaru was exalted by your worship.
You visited 3 branches of the dungeon, and saw 17 of its levels.
You visited the Abyss 2 times.
You also visited: Bailey and Gauntlet.

You collected 1266 gold pieces.
You spent 976 gold pieces at shops.


Innate Abilities, Weirdness & Mutations

You are too large for most types of armour.
You have claws for hands.
Your natural rate of healing is unusually fast.
You are covered in fur. (AC +1)
You have tough skin. (AC +1)
Armour fits poorly on your strangely shaped body.
Potions are less effective at restoring your health.


   Skills:
 + Level 11.6(16.6) Fighting
 - Level 7.0(12.0) Armour
 + Level 1.0(6.0) Dodging
 - Level 10.0(15.0) Shields
 + Level 16.5(21.5) Unarmed Combat
 - Level 1.0 Spellcasting
 - Level 2.1 Fire Magic
 + Level 10.1 Invocations


You had 16 spell levels left.
You didn't know any spells.
Your spell library contained the following spells:

 Spells                   Type           Power      Damage    Failure   Level
 Scorch                   Fire           8%         2d5       58%         2
 Beastly Appendage        Tmut           0%         N/A       77%         1
 Blink                    Tloc           0%         N/A       88%         2
 Ensorcelled Hibernation  Hex/Ice        0%         N/A       88%         2
 Passwall                 Tmut/Erth      0%         N/A       88%         2
 Wereblood                Tmut           0%         N/A       88%         2
 Ignite Poison            Fire/Tmut/Pois 1%         N/A       95%         3
 Confusing Touch          Hex            0%         N/A       98%         3
 Dazzling Flash           Conj/Hex       0%         N/A       98%         3
 Ozocubu's Armour         Ice            0%         N/A       98%         3
 Spider Form              Tmut/Pois      0%         N/A       98%         3
 Airstrike                Air            0%         2d(0-16)  100%        4
 Anguish                  Hex/Necr       0%         N/A       100%        4
 Olgreb's Toxic Radiance  Pois           0%         N/A       100%        4
 Agony                    Necr           0%         N/A       100%        5
 Borgnjor's Vile Clutch   Necr/Erth      0%         N/A       100%        5
 Lightning Bolt           Conj/Air       0%         1d11      100%        5
 Manifold Assault         Tloc           0%         N/A       100%        5
 Silence                  Hex/Air        0%         N/A       100%        5
 Yara's Violent Unravell  Hex/Tmut       0%         3d3       100%        5
 Eringya's Noxious Bog    Tmut/Pois      0%         N/A       100%        6
 Iron Shot                Conj/Erth      0%         9d1       100%        6
 Statue Form              Tmut/Erth      0%         N/A       100%        6
 Enfeeble                 Hex            0%         N/A       100%        7
 Ozocubu's Refrigeration  Ice            0%         4d7       100%        7
 Storm Form               Tmut/Air       0%         N/A       100%        7
 Summon Lightning Spire   Summ/Air       Unusable   N/A       N/A         4

Inventory:

Hand Weapons
 b - a +9 broad axe of flaming
Missiles
 h - 31 large rocks {=f}
 t - 4 javelins
 B - 2 curare-tipped darts {=f}
 I - 4 silver javelins
 O - 3 throwing nets {=f}
Armour
 c - a +2 hat (worn)
 l - the +4 cloak of Xuiplaub (worn) {Dex+4}

   Dex:       It affects your dexterity (+4).
 K - the +0 hat "Ofeanum" {Will+ Int+2}

   Int:       It affects your intelligence (+2).
   Will:      It increases your willpower.
 L - the +5 tower shield of Wueg (worn) {Regen+ rCorr Str+3}

   Str:       It affects your strength (+3).
   Regen:     It increases your rate of health regeneration.
   rCorr:     It protects you from acid and corrosion.
 Q - +0 swamp dragon scales (worn)
Jewellery
 v - an amulet of the acrobat (around neck)
 z - a +6 ring of intelligence
 D - a ring of flight
 G - a ring of protection from fire
 S - a +4 ring of evasion (right claw)
 T - a +4 ring of evasion (left claw)
Wands
 o - a wand of digging (9)
 s - a wand of quicksilver (7) (quivered)
 y - a wand of flame (18)
 E - a wand of polymorph (5)
 H - a wand of iceblast (10)
 W - a wand of mindburst (6)
Scrolls
 e - 5 scrolls of noise {!r}
 f - 4 scrolls of blinking
 i - 3 scrolls of enchant armour
 k - 9 scrolls of teleportation {@r4}
 m - 6 scrolls of fear
 q - 4 scrolls of immolation {!r}
 u - a scroll of vulnerability {!r}
 x - 6 scrolls of magic mapping
 M - a scroll of poison {unknown}
Potions
 a - 3 potions of mutation {!q}
 d - 10 potions of curing {@q1}
 g - 4 potions of berserk rage {!q}
 j - a potion of resistance
 n - 4 potions of flight
 p - a potion of cancellation
 r - 3 potions of lignification {!q}
 w - 3 potions of might
 A - 7 potions of heal wounds {@q2}
 C - 4 potions of haste {@q3}
 F - a potion of invisibility
 J - a potion of brilliance
 P - a potion of attraction {unknown}
 R - 3 potions of magic
Miscellaneous
 N - a condenser vane
 U - a tin of tremorstones (2/2)

Dungeon Overview and Level Annotations

Branches:
Dungeon (15/15)            Temple (1/1) D:5            Lair (0/5) D:9
    Orc (0/2) D:9          Vaults (0/5) D:14         Depths (1/4) D:15
 Bailey (visited)         Gauntlet (visited)

Altars:
Ashenzari
Cheibriados
Dithmenos
Elyvilon
Fedhas
Gozag
Hepliaklqana
Kikubaaqudgha
Makhleb
Nemelex Xobeh
Okawaru
Qazlal
Ru
Sif Muna
Trog
Uskayaw
Vehumet
Wu Jian
Xom
Yredelemnul
Zin
The Shining One

Shops:
D:5 [[?   D:10 :   D:15 (

Portals:
Hell: Depths:1

Annotations:
D:9 exclusion: 2 downstairs
D:14 exclusion: downstairs

▒▒▒▒▒▒▒.....▒▒▒▒▒▒▒........▒▒▒.
▒......▒▒▒▒▒......▒▒▒▒▒▒▒▒▒▒▒▒.
▒▒▒......▒...▒....).▒ ▒.....<.
.........'...▒..▒▒▒[▒▒▒ ▒.......
.........▒...▒.▒▒.....▒▒ ▒.......
.........▒▒▒▒▒▒▒.......▒▒▒▒..▒▒▒.
...▒▒▒'▒▒▒...▒▒..▒▒▒▒▒..▒▒▒'▒▒▒▒▒
...+..........▒..▒..u▒..▒.....([.
...▒..........▒.T▒.>.▒..▒........
...▒..........▒..▒...▒..▒........
...▒....▒▒....▒.h▒▒'▒▒..▒▒'▒▒▒▒▒▒
...▒▒▒▒▒▒▒....▒▒[C[...C▒▒........
.........▒.....▒▒.....▒▒.........
.........▒......▒▒▒▒▒▒▒..........
.........'............▒..........
.........▒............▒..........
.........▒▒▒▒▒▒▒▒▒▒▒▒▒▒..........


You could see a stone giant and a black bear.


Message History

The stone giant throws a large rock.
Items here: )) [ ÷.
The stone giant throws a large rock.
Something hits you.
* * * LOW HITPOINT WARNING * * *
Something misses you. You block something's attack. Something bites you!
* * * LOW HITPOINT WARNING * * *
Something draws strength from your injuries!
Something completely misses you. Something bites you but does no damage.
Your system partially rejects the healing.
Something hits you!!
* * * LOW HITPOINT WARNING * * *
Something closely misses you.
Unknown command.
Unknown command.
As you read the scroll of teleportation {@r4}, it crumbles to dust.
You feel strangely unstable.
You hear some strange, mumbled words.
You suddenly lose the ability to move!
A black bear comes into view.
Something hits you.
* * * LOW HITPOINT WARNING * * *
Something bites you but does no damage. Something hits you but does no damage.
Something bites you but does no damage. Something hits you!!
You die...

Action                   |  1- 3 |  4- 6 |  7- 9 | 10-12 | 13-15 || total
-------------------------+-------+-------+-------+-------+-------++-------
Melee: Unarmed           |    91 |   173 |   277 |   812 |   627 ||  1980
       Punch             |       |     3 |    10 |    20 |       ||    33
       Broad axe         |       |       |       |     4 |     1 ||     5
Throw: Javelin           |       |       |       |     2 |       ||     2
Invok: Fiery Armour      |       |       |       |     4 |       ||     4
       Heroism           |       |       |       |     7 |    16 ||    23
       Finesse           |       |       |       |       |     2 ||     2
Evoke: Wand              |       |       |       |     2 |     5 ||     7
  Use: Scroll            |       |       |    10 |     8 |     9 ||    27
       Potion            |       |       |       |     1 |     2 ||     3
 Stab: Sleeping          |       |     1 |       |       |       ||     1
       Distracted        |       |       |       |     1 |       ||     1
Armor: Robe              |    35 |    50 |    53 |       |       ||   138
       Steam dragon scal |       |       |    47 |   134 |       ||   181
       Swamp dragon scal |       |       |       |   138 |   131 ||   269
Dodge: Dodged            |    35 |    67 |   150 |   344 |   227 ||   823
Block: Tower shield      |       |       |       |   462 |   557 ||  1019

Levels and vault maps discovered:
D:1:      dpeg_arrival_radiant, layout_basic, nicolae_ecumenical_snake_handling
D:2:      layout_basic, hangedman_feature_mirror, dk_noncrumbling_3,
          uniq_crazy_yiuf_cottage
D:3:      layout_basic, mainiacjoe_overflow_small_starburst,
          xom_confusion_cloud, serial_curves, eino_curves_03, eino_curves_01,
          eino_curves_01, eino_curves_04
D:4:      layout_gridville, ashenzari_altar_1
D:5:      layout_basic, kennysheep_little_box, minmay_temple_entry_arrows,
          serial_shops, nicolae_stop_n_shop_1, shop, shop,
          minmay_stone_trees_medium
D:6:      layout_gridville, old_standard_altar, minmay_misc_feat_nine_boxes
D:7:      layout_cave_pods, st_stairs_7, lemuel_old_faithful
D:8:      layout_gridville, nicolae_wu_jian_wuxing_cycle,
          kennysheep_orc_sif_temple, zin_scriptorium, general_overflow_altar
D:9:      layout_rooms, lair_entry_dummy, zombieorc2_lemuel, enter_bailey_2,
          uniq_pikel, uniq_prince_ribbit1, uniq_maurice, uniq_maggie,
          uniq_erica, uniq_harold
D:10:     layout_layer_cave, mainiacjoe_overflow_divided_tiny, serial_shops,
          kennysheep_mini_moat
D:11:     layout_roguey
D:12:     layout_roguey
D:13:     layout_rooms, serial_shops, nicolae_shop_stone, okawaru_trees_2
D:14:     layout_grid_maze, grunt_vaults_entry_tiered, gauntlet_entry_generic,
          hangedman_abyss_or_decor_slice, uniq_roxanne
D:15:     grunt_enter_depths_magical_seal, layout_gridville, serial_shops, shop
Temple:   hellmonk_temple_divided_pantheon
Depths:1: gammafunk_jiyva_shrine, layout_cave_pools, grunt_decor_resistance,
          serial_rivers, chequers_serial_rivers_room_a,
          chequers_serial_rivers_small_a, chequers_serial_rivers_large_b,
          chequers_serial_rivers_small_3, chequers_serial_rivers_micro_a,
          chequers_serial_rivers_micro_b, enter_trove_2, hell_entry,
          hellmonk_bongcloud_opening, nicolae_danse_macabre

Notes
Turn   | Place    | Note
-------+----------+-------------------------------------------
     0 | D:1      | sanka the Troll Cinder Acolyte began the quest for the Orb.
     0 | D:1      | Reached XP level 1. HP: 22/22 MP: 1/1
   271 | D:1      | Reached XP level 2. HP: 28/29 MP: 2/2
   271 | D:1      | Found a faded altar of an unknown god.
   347 | D:1      | Reached skill level 4 in Unarmed Combat
   484 | D:1      | Reached XP level 3. HP: 36/36 MP: 3/3
   723 | D:2      | Reached skill level 5 in Unarmed Combat
   723 | D:2      | Reached XP level 4. HP: 25/44 MP: 4/4
  1158 | D:2      | Found a runed translucent door.
  1159 | D:2      | Noticed Crazy Yiuf
  1466 | D:2      | Killed Crazy Yiuf
  1602 | D:3      | Found a shimmering altar of Xom.
  1614 | D:3      | Reached XP level 5. HP: 50/50 MP: 5/5
  1670 | D:3      | Found a basalt altar of Yredelemnul.
  1831 | D:3      | Reached skill level 6 in Unarmed Combat
  2105 | D:3      | Reached XP level 6. HP: 59/59 MP: 6/6
  2121 | D:3      | Reached skill level 7 in Unarmed Combat
  2386 | D:4      | Identified the +7 plate armour of the Lychee {rF+ Will++}
  2721 | D:4      | Found a broken altar of Ashenzari.
  2874 | D:5      | Entered Level 5 of the Dungeon
  2874 | D:5      | Found Boran's Armour Emporium.
  3003 | D:5      | Reached skill level 8 in Unarmed Combat
  3003 | D:5      | Reached XP level 7. HP: 63/66 MP: 7/7
  3060 | D:5      | Found a staircase to the Ecumenical Temple.
  3149 | Temple   | Entered the Ecumenical Temple
  3149 | Temple   | Found a transporter.
  3149 | Temple   | Found a transporter.
  3151 | Temple   | Found a transporter.
  3151 | Temple   | Found a transporter.
  3414 | D:5      | Found a bloodstained altar of Trog.
  3532 | D:5      | Reached skill level 9 in Unarmed Combat
  3599 | D:5      | Found Piriniti's Magic Scroll Shop.
  3604 | D:5      | Bought a scroll of enchant armour for 90 gold pieces
  3604 | D:5      | Bought a scroll of identify for 24 gold pieces
  3604 | D:5      | Bought a scroll of fear for 48 gold pieces
  3604 | D:5      | Bought a scroll of identify for 24 gold pieces
  3604 | D:5      | Bought a scroll of identify for 24 gold pieces
  3821 | D:5      | Bought a scroll of magic mapping for 90 gold pieces
  3918 | D:5      | Reached XP level 8. HP: 74/74 MP: 8/8
  3973 | D:5      | Found Daena's Antique Armour Boutique.
  4048 | D:5      | Reached skill level 10 in Unarmed Combat
  4310 | D:6      | Reached skill level 3 in Fighting
  4433 | D:6      | Found an iron altar of Okawaru.
  4719 | D:6      | Identified the +4 ring mail of the Blacksmith {rN+}
  4732 | D:6      | Identified +0 steam dragon scales
  4733 | D:6      | Reached skill level 4 in Fighting
  4789 | D:6      | Identified the amulet "Esigaewn" {RegenMP *Slow Dex+5}
  4942 | D:7      | Reached skill level 11 in Unarmed Combat
  4956 | D:7      | Reached XP level 9. HP: 65/84 MP: 9/9
  5022 | D:7      | Reached skill level 5 in Fighting
  5428 | D:7      | Reached skill level 6 in Fighting
  5826 | D:8      | Reached skill level 12 in Unarmed Combat
  5836 | D:8      | Found a shimmering blue altar of Sif Muna.
  5901 | D:8      | Found a glowing silver altar of Zin.
  5962 | D:8      | Reached skill level 7 in Fighting
  5962 | D:8      | Reached XP level 10. HP: 43/102 MP: 10/10
  6103 | D:8      | Reached skill level 13 in Unarmed Combat
  6106 | D:8      | Found an ornate altar of the Wu Jian Council.
  6372 | D:8      | Found a burning altar of Makhleb.
  6596 | D:9      | Noticed Erica
  6608 | D:9      | Killed Erica
  6609 | D:9      | Reached skill level 8 in Fighting
  6622 | D:9      | Found a flagged portal.
  6636 | D:9      | Noticed Pikel
  6661 | D:9      | Killed Pikel
  6673 | D:9      | Reached skill level 14 in Unarmed Combat
  6678 | D:9      | Noticed Maurice
  6685 | D:9      | Killed Maurice
  6686 | D:9      | Reached skill level 1 in Invocations
  6712 | Bailey   | Entered a bailey
  6823 | Bailey   | Reached skill level 2 in Invocations
  6823 | Bailey   | Reached XP level 11. HP: 89/111 MP: 11/11
  6965 | Bailey   | Noticed an orc warlord
  6983 | Bailey   | Killed an orc warlord
  7030 | Bailey   | Identified the +0 hat "Ofeanum" {Will+ Int+2}
  7078 | Bailey   | Acquired the +5 tower shield of Wueg {Regen+ rCorr Str+3}
  7140 | D:9      | Found a staircase to the Lair.
  7157 | D:9      | Identified +0 swamp dragon scales
  7157 | D:9      | Noticed Maggie
  7173 | D:9      | Killed Maggie
  7174 | D:9      | Reached skill level 1 in Shields
  7175 | D:9      | Noticed Harold
  7190 | D:9      | Killed Harold
  7191 | D:9      | Reached skill level 3 in Shields
  7213 | D:9      | Reached skill level 4 in Shields
  7248 | D:9      | Reached skill level 5 in Shields
  7460 | D:9      | Found a staircase to the Orcish Mines.
  7553 | D:9      | Noticed Prince Ribbit
  7562 | D:9      | Killed Prince Ribbit
  7831 | D:6      | Fell from the grace of Ignis
  7831 | D:6      | Became a worshipper of Warmaster Okawaru
  7909 | D:10     | Entered Level 10 of the Dungeon
  8001 | D:10     | Found a sacrificial altar of Ru.
  8002 | D:10     | Found a snail-covered altar of Cheibriados.
  8027 | D:10     | Reached skill level 1 in Armour
  8078 | D:10     | Reached skill level 6 in Shields
  8506 | D:10     | Reached skill level 2 in Armour
  8549 | D:10     | You are sucked into a shaft and drop 2 floors!
  8593 | D:12     | Reached * piety under Okawaru
  8665 | D:12     | Reached skill level 3 in Invocations
  8736 | D:12     | Reached skill level 3 in Armour
  8795 | D:11     | Reached ** piety under Okawaru
  8796 | D:11     | Reached skill level 7 in Shields
  8796 | D:11     | Reached XP level 12. HP: 118/122 MP: 13/13
  9102 | D:11     | Reached skill level 4 in Invocations
  9221 | D:10     | Found Refon's Book Shoppe.
  9358 | D:12     | Reached skill level 4 in Armour
  9543 | D:12     | Noticed an eight-headed hydra
  9553 | D:12     | Killed a four-headed hydra
  9553 | D:12     | Reached *** piety under Okawaru
  9851 | D:11     | Reached skill level 8 in Shields
 10175 | D:13     | Found an iron altar of Okawaru.
 10180 | D:15     | Entered Level 15 of the Dungeon
 10197 | D:15     | Noticed a death knight
 10215 | D:15     | Killed a death knight
 10216 | D:15     | Reached skill level 5 in Armour
 10333 | D:14     | Found a gate leading to a gauntlet.
 10346 | Gauntlet | Entered a Gauntlet
 10346 | Gauntlet | Noticed a tengu warrior
 10346 | Gauntlet | Found a transporter.
 10346 | Gauntlet | Found a transporter.
 10346 | Gauntlet | Found a transporter.
 10350 | Gauntlet | Found a transporter.
 10351 | Gauntlet | Found a transporter.
 10362 | Gauntlet | Found a transporter.
 10364 | Gauntlet | Found a transporter.
 10374 | Gauntlet | Found a transporter.
 10374 | Gauntlet | Found the +3 pair of mountain boots {steadfast, rC+}
 10464 | Gauntlet | Found a transporter.
 10476 | Gauntlet | Found a transporter.
 10478 | Gauntlet | Found a transporter.
 10488 | Gauntlet | Found a transporter.
 10683 | Gauntlet | Reached **** piety under Okawaru
 10789 | Gauntlet | Identified the +4 cloak of Xuiplaub {Dex+4}
 10844 | Gauntlet | Was forgiven by Ignis
 10881 | Gauntlet | Noticed a minotaur
 10891 | Gauntlet | Killed a minotaur
 10892 | Gauntlet | Reached skill level 5 in Invocations
 11100 | D:13     | Found Moptimun's Distillery.
 11105 | D:13     | Bought a potion of haste for 130 gold pieces
 11105 | D:13     | Bought 2 potions of heal wounds for 130 gold pieces
 11105 | D:13     | Bought a potion of might for 52 gold pieces
 11105 | D:13     | Bought a potion of berserk rage for 65 gold pieces
 11105 | D:13     | Bought a potion of berserk rage for 65 gold pieces
 11105 | D:13     | Bought 2 potions of curing for 78 gold pieces
 11105 | D:13     | Bought 2 potions of curing for 78 gold pieces
 11105 | D:13     | Bought 2 potions of curing for 78 gold pieces
 11227 | D:13     | Got the Compendium of Embers and Poison
 11389 | D:13     | Reached ***** piety under Okawaru
 11390 | D:13     | Reached skill level 9 in Fighting
 11390 | D:13     | Reached skill level 6 in Invocations
 11821 | D:10     | Noticed a boulder beetle
 11831 | D:10     | Killed a boulder beetle
 11832 | D:10     | Reached XP level 13. HP: 114/131 MP: 16/16
 11860 | D:10     | Identified a potion of resistance
 12353 | D:14     | Paralysed by a floating eye for 3 turns
 12511 | D:14     | Found a gate to the Vaults.
 12512 | D:14     | Identified the +0 robe of Ruovemm {rPois} (Okawaru gifted
                  | it to you on level 14 of the Dungeon)
 12512 | D:14     | Received a gift from Okawaru
 12513 | D:14     | Reached skill level 6 in Armour
 12542 | D:14     | Reached skill level 9 in Shields
 12865 | D:14     | Reached skill level 15 in Unarmed Combat
 12988 | D:14     | Identified Roxanne's Secrets of Silt
 12988 | D:14     | Noticed Roxanne
 13103 | D:14     | Killed Roxanne
 13150 | D:14     | Reached skill level 7 in Invocations
 13630 | Abyss:2  | Cast into level 2 of the Abyss (a wizard)
 13638 | Abyss:2  | Found a corrupted altar of Lugonu.
 13670 | Abyss:2  | Noticed a red very ugly thing
 13672 | Abyss:2  | Noticed a red very ugly thing
 13692 | Abyss:2  | Killed a red very ugly thing
 13697 | Abyss:2  | Reached skill level 7 in Armour
 13699 | Abyss:2  | Killed a brown very ugly thing
 13699 | Abyss:2  | Received a gift from Okawaru
 13765 | Abyss:2  | Reached skill level 10 in Fighting
 13786 | Abyss:2  | Noticed a bone dragon
 13806 | Abyss:2  | Killed a bone dragon
 13806 | Abyss:2  | Gained mutation: Armour fits poorly on your strangely
                  | shaped body. [a neqoxec]
 13822 | Abyss:2  | Reached XP level 14. HP: 70/143 MP: 12/18
 13843 | Abyss:2  | Reached skill level 10 in Shields
 13903 | Abyss:2  | Noticed a starcursed mass
 13909 | Abyss:2  | Killed a starcursed mass
 13910 | Abyss:2  | Reached skill level 8 in Invocations
 13916 | Abyss:2  | Gained mutation: Potions are less effective at restoring
                  | your health. [a neqoxec]
 13970 | D:15     | Escaped the Abyss
 14057 | D:15     | Reached ****** piety under Okawaru
 14099 | D:15     | Received a gift from Okawaru
 14376 | D:15     | Found Diadiown's Antique Weapon Boutique.
 14588 | D:15     | Identified a +2 robe of resistance
 14599 | D:15     | Reached skill level 9 in Invocations
 14606 | Abyss:2  | Found a corrupted altar of Lugonu.
 14606 | Abyss:2  | Cast into level 2 of the Abyss (a wizard)
 14609 | Abyss:2  | Noticed a starcursed mass
 14618 | Abyss:2  | Noticed a tentacled starspawn
 14638 | Abyss:2  | Killed a tentacled starspawn
 14696 | Abyss:2  | Noticed a starcursed mass
 14700 | Abyss:2  | Noticed a red very ugly thing
 14708 | Abyss:2  | Killed a red very ugly thing
 14709 | Abyss:2  | Reached skill level 11 in Fighting
 14709 | Abyss:2  | Reached skill level 16 in Unarmed Combat
 14758 | Abyss:2  | Noticed a bone dragon
 14788 | Abyss:2  | Killed a bone dragon
 14904 | Abyss:2  | Noticed a starcursed mass
 14937 | Abyss:2  | Noticed a starcursed mass
 14941 | Abyss:2  | Identified the +3 falchion "Coptaur" {elec, Fly Will+
                  | Int+4} (Okawaru gifted it to you on level 2 of the Abyss)
 14941 | Abyss:2  | Received a gift from Okawaru
 15012 | D:15     | Escaped the Abyss
 15077 | D:15     | Found a staircase to the Depths.
 15216 | Depths:1 | Entered Level 1 of the Depths
 15222 | Depths:1 | Noticed a frost giant
 15228 | Depths:1 | Noticed a purple very ugly thing
 15228 | Depths:1 | Noticed a purple very ugly thing
 15228 | Depths:1 | Noticed a stone giant
 15382 | D:15     | Killed a frost giant
 15383 | D:15     | Reached skill level 10 in Invocations
 15389 | D:15     | Reached XP level 15. HP: 31/154 MP: 15/21
 15485 | Depths:1 | Identified +0 ice dragon scales
 15514 | Depths:1 | Found a gateway to Hell.
 15620 | D:15     | Reached skill level 1 in Dodging
 15634 | D:15     | HP: 11/154 [something (31)]
 15635 | D:15     | Paralysed by something for 5 turns
 15637 | D:15     | Mangled by a vampire knight

Vanquished Creatures
  2 bone dragons (Abyss:2)
  A tentacled starspawn (Abyss:2)
  Roxanne (D:14)
  A frost giant (D:15)
  An orc warlord (Bailey)
  3 very ugly things (Abyss:2)
  A minotaur (Gauntlet)
  10 starcursed masses (Abyss:2)
  A merfolk impaler (Depths:1)
  A rakshasa (Depths:1)
  Harold (D:9)
  A boulder beetle (D:10)
  2 vault guards (D:14)
  2 hydras
  2 ice dragons (Depths:1)
  Erica (D:9)
  3 tengu warriors (D:15)
  2 centaur warriors (D:15)
  2 death knights (D:15)
  2 thrashing horrors (Abyss:2)
  A sun demon (Abyss:2)
  A wretched star (Abyss:2)
  A glowing orange brain (D:15)
  Pikel (D:9)
  6 wizards
  4 deep elf pyromancers
  2 necromancers
  An orc sorcerer (D:15)
  7 cyclopes
  2 manticores
  21 ugly things
  2 moths of wrath (Gauntlet)
  Maurice (D:9)
  A centaur zombie (D:15)
  A smoke demon (Abyss:2)
  2 gargoyles (D:12)
  Maggie (D:9)
  2 unseen horrors
  2 apocalypse crabs (Abyss:2)
  A centaur skeleton (D:15)
  3 efreet
  A kobold demonologist (D:14)
  A komodo dragon (D:13)
  3 yaktaurs (D:15)
  2 tengu conjurers (D:14)
  3 ancient zymes (Abyss:2)
  3 freezing wraiths
  A troll (D:11)
  A wolf spider simulacrum (D:15)
  Prince Ribbit (D:9)
  A raiju (Abyss:2)
  2 centaur simulacra
  6 flying skulls
  2 shadows (D:12)
  A vampire (D:14)
  A water elemental (D:15)
  5 ynoxinuls (Abyss:2)
  18 fire elementals
  19 humans (D:14)
  25 yaks
  4 wraiths
  A basilisk (D:13)
  5 redbacks (Gauntlet)
  A chaos spawn (Abyss:2)
  4 neqoxecs (Abyss:2)
  6 large abominations (Abyss:2)
  8 vampire mosquitoes
  4 steam dragons
  3 acid dragons
  A water moccasin (D:8)
  A hell hound (Abyss:2)
  A floating eye (shapeshifter) (D:14)
  16 orc warriors
  4 ice beasts
  2 sky beasts
  3 black bears
  An ogre (D:6)
  2 lemures (D:9)
  6 centaurs
  5 phantoms
  7 kobold brigands
  2 necrophages
  3 bullfrogs
  2 scorpions
  A gnoll sergeant (D:10)
  13 wights
  6 small abominations (Abyss:2)
  2 troll zombies (D:9)
  23 killer bees
  5 howler monkeys
  An iron imp (Abyss:2)
  4 jellies
  Crazy Yiuf (D:2)
  7 orc priests
  3 hounds (D:5)
  2 iguanas
  14 orc wizards
  6 ogre zombies (D:9)
  13 gnolls
  8 adders
  2 white imps
  3 ufetubi
  3 worms
  4 dart slugs
  47 orcs
  8 endoplasms
  4 giant cockroaches
  20 hobgoblins
  3 jackals (D:3)
  7 quokkas
  10 ball pythons
  9 bats
  3 frilled lizards
  19 goblins
  A goblin zombie (D:9)
  A hobgoblin skeleton (D:9)
  5 hobgoblin zombies (D:9)
  45 kobolds
  4 orc skeletons (D:9)
  14 orc zombies (D:9)
  7 rats
619 creatures vanquished.

Vanquished Creatures (others)
  A wizard (D:14)
  4 starspawn tentacles (Abyss:2)
5 creatures vanquished.

Grand Total: 624 creatures vanquished
